 Dungeon Crawl Stone Soup version 0.25-a0-2-g6559c6c67a (webtiles) character file.

Game seed: 11422865531582502406, levelgen mode: deterministic

8155 Peloso the Carver (level 11, -1/94 HPs)
             Began as a Minotaur Fighter on Oct 14, 2019.
             Was a High Priest of Okawaru.
             Slain by an unseen horror (4 damage)
             ... on level 10 of the Dungeon.
             The game lasted 00:19:42 (8039 turns).

Peloso the Carver (Minotaur Fighter)                Turns: 8039, Time: 00:19:43

Health: -1/94      AC: 19    Str: 23    XL:     11   Next: 6%
Magic:  10/10      EV:  7    Int:  5    God:    Okawaru [*****.]
Gold:   641        SH: 12    Dex: 11    Spells: 10/10 levels left

rFire    . . .     SeeInvis .   a - +2 scimitar (flame)
rCold    . . .     Gourm    .   c - +0 shield
rNeg     . . .     Faith    .   s - +0 plate armour
rPois    .         Spirit   .   (helmet restricted)
rElec    .         Reflect  .   r - +2 cloak {+Inv}
rCorr    .         Harm     .   i - +0 pair of gloves
MR       +....                  (no boots)
Stlth    ..........             B - amulet of inaccuracy (curse)
HPRegen  0.25/turn              t - ring of protection from magic
MPRegen  0.12/turn              (no ring)

@: no status effects
A: retaliatory headbutt, horns 2
a: Heroism, Finesse, Renounce Religion, Evoke Invisibility


You were on level 10 of the Dungeon.
You worshipped Okawaru.
Okawaru was extremely pleased with you.
You were hungry.

You visited 2 branches of the dungeon, and saw 11 of its levels.

You collected 641 gold pieces.

Inventory:

Hand Weapons
 a - a +2 scimitar of flaming (weapon)
Armour
 b - a +0 chain mail
 c - a +0 shield (worn)
 i - a +0 pair of gloves (worn)
 j - the +2 ratskin cloak {+Rats rPois rN+ Str-1 Int-1 Dex+1}
   (You found it on level 5 of the Dungeon)

   It affects your strength (-1).
   It affects your intelligence (-1).
   It affects your dexterity (+1).
   It protects you from poison.
   It protects you from negative energy.
 r - a +2 cloak of invisibility (worn)
 s - a +0 plate armour (worn)
Jewellery
 e - a +3 amulet of reflection {unknown}
 t - a ring of protection from magic (left hand)
 y - an uncursed amulet of guardian spirit
 B - a cursed amulet of inaccuracy (around neck)
Wands
 g - a wand of digging (6)
 k - a wand of acid (22)
 v - a wand of random effects (32)
 x - a wand of iceblast (6)
 A - a wand of paralysis (15)
 C - a wand of scattershot (4)
 O - a wand of clouds (6)
 P - a wand of polymorph (8)
Scrolls
 d - a scroll of random uselessness {unknown}
 h - 2 scrolls of blinking
 o - 3 scrolls of enchant weapon
 q - 4 scrolls of amnesia
 u - a scroll of noise
 w - 4 scrolls of magic mapping
 z - 4 scrolls of enchant armour {unknown}
 D - 2 scrolls of fear
 N - 2 scrolls of fog {unknown}
Potions
 l - a potion of mutation
 m - 2 potions of brilliance
 n - 2 potions of invisibility
 p - a potion of cancellation
 E - 2 potions of ambrosia
 F - a potion of haste
 G - a potion of berserk rage
 H - a potion of agility {unknown}
 I - 2 potions of lignification {unknown}
 L - a potion of magic {unknown}
 M - a potion of heal wounds {unknown}
Comestibles
 f - 12 rations


   Skills:
 + Level 8.1 Fighting
 + Level 12.6 Long Blades
 + Level 10.1 Armour
 + Level 1.5 Dodging
 + Level 1.1 Stealth
 + Level 10.8 Shields
 + Level 1.2 Invocations


You had 10 spell levels left.
You didn't know any spells.
Your spell library was empty.

Dungeon Overview and Level Annotations

Branches:
Dungeon (10/15)            Temple (1/1) D:6            Lair (0/6) D:9
    Orc (0/2) D:10

Altars:
Ashenzari
Cheibriados
Gozag
Kikubaaqudgha
Makhleb
Okawaru
Qazlal
Ru
Trog
Wu Jian
Xom
Yredelemnul
Zin

Shops:
D:4 *

Annotations:
D:9 1 runed translucent door, Kohma's ghost, novice HaHu


Innate Abilities, Weirdness & Mutations

You reflexively headbutt those who attack you in melee.
You have a pair of horns on your head.


Message History

You feel like a meek peon again. Something hits you but does no damage.
You closely miss something. Your headbutt misses something.
Something hits you but does no damage.
You hit something. You burn something. You headbutt something.
Something hits you but does no damage. x2
You miss something.
Something hits you but does no damage. x2
You closely miss something. You headbutt something.
Something hits you but does no damage.
You miss something. Your headbutt misses something.
You block something's attack. Something hits you but does no damage.
Something hits you.
* * * LOW HITPOINT WARNING * * *
Something hits you but does no damage.
You closely miss something. Your headbutt misses something.
You block something's attack.
Your shield and plate armour prevent you from hitting something.
Something hits you.
You die...

#....# ###.# ##
###.## #.## #. #..#
.. ##.# .#
#######'## ##'# ###
#........# #...
+.###........###...
#{.##........'.#...
##@##........#.#...
#..+........#.†...
####........###[..
#........# #...
#........# #...
#........# ####
##########


There were no monsters in sight!

Vanquished Creatures
  Erica (D:8)
  2 two-headed ogres (D:10)
  A death yak (D:8)
  An elephant (D:9)
  Psyche (D:8)
  A hippogriff (D:9)
  A spriggan (D:7)
  A wyvern (D:8)
  A wraith (D:10)
  A basilisk (D:8)
  A hungry ghost (D:10)
  Menkaure (D:4)
  2 slaves (D:8)
  2 orc warriors
  3 ice beasts
  3 sky beasts
  A necrophage (D:10)
  A black bear (D:10)
  2 ogres
  3 centaurs
  A crocodile (D:9)
  5 bullfrogs
  A gnoll sergeant (D:7)
  A wyvern skeleton (D:7)
  4 scorpions
  9 killer bees (D:10)
  5 wights (D:9)
  A bullfrog zombie (D:10)
  A centaur zombie (D:6)
  A quasit (D:10)
  3 crimson imps
  A jelly (D:5)
  8 orc wizards
  5 orc priests
  5 hounds
  An iguana (D:4)
  Ijyb (D:4)
  A hell rat (D:5)
  9 worker ants
  A howler monkey zombie (D:8)
  A worker ant zombie (D:5)
  5 gnolls (D:7)
  12 adders
  6 river rats (D:5)
  2 shadow imps
  An ooze (D:1)
  2 adder skeletons
  A worm (D:4)
  2 leopard geckos
  26 orcs
  2 giant cockroaches
  11 goblins
  4 hobgoblins
  8 jackals
  6 kobolds
  4 quokkas
  5 ball pythons
  6 bats
  2 frilled lizards
  A leopard gecko skeleton (D:9)
  A leopard gecko zombie (D:5)
  A quokka skeleton (D:9)
  19 rats
  3 plants (D:2)
225 creatures vanquished.

Notes
Turn   | Place    | Note
-------+----------+-------------------------------------------
     0 | D:1      | Peloso the Minotaur Fighter began the quest for the Orb.
     0 | D:1      | Reached XP level 1. HP: 19/19 MP: 0/0
   281 | D:1      | Found a burning altar of Makhleb.
   351 | D:1      | Reached XP level 2. HP: 27/27 MP: 1/1
   837 | D:2      | Reached XP level 3. HP: 33/33 MP: 2/2
  1618 | D:3      | Reached XP level 4. HP: 39/41 MP: 3/3
  1676 | D:3      | Reached skill level 3 in Long Blades
  1924 | D:3      | Found a stormy altar of Qazlal.
  2308 | D:4      | Noticed an ogre
  2314 | D:4      | Killed an ogre
  2314 | D:4      | Reached skill level 5 in Armour
  2314 | D:4      | Reached XP level 5. HP: 47/47 MP: 4/4
  2328 | D:4      | Reached skill level 4 in Long Blades
  2370 | D:4      | Noticed Menkaure
  2376 | D:4      | Killed Menkaure
  2376 | D:4      | Reached skill level 5 in Shields
  2376 | D:4      | Reached XP level 6. HP: 9/53 MP: 5/5
  2802 | D:4      | Reached skill level 5 in Long Blades
  2884 | D:4      | Found Zin's Purification Station.
  2898 | D:4      | Found a glowing silver altar of Zin.
  2998 | D:4      | Reached skill level 1 in Dodging
  2998 | D:4      | Reached XP level 7. HP: 52/60 MP: 6/6
  3217 | D:4      | Noticed Ijyb
  3237 | D:4      | Killed Ijyb
  3474 | D:5      | Entered Level 5 of the Dungeon
  3558 | D:5      | Reached skill level 5 in Fighting
  3558 | D:5      | Reached skill level 6 in Long Blades
  3637 | D:5      | Found the +2 ratskin cloak {+Rats rPois rN+ Str-1 Int-1
                  | Dex+1}
  4217 | D:6      | Found a staircase to the Ecumenical Temple.
  4236 | Temple   | Entered the Ecumenical Temple
  4305 | Temple   | Became a worshipper of Warmaster Okawaru
  4394 | D:6      | Found a shimmering altar of Xom.
  4394 | D:6      | Found a burning altar of Makhleb.
  4476 | D:6      | Reached skill level 7 in Long Blades
  4476 | D:6      | Reached XP level 8. HP: 64/68 MP: 7/7
  5000 | D:7      | Reached skill level 8 in Long Blades
  5043 | D:7      | Reached * piety under Okawaru
  5206 | D:7      | Found an iron altar of Okawaru.
  5618 | D:8      | Reached XP level 9. HP: 75/75 MP: 8/8
  5758 | D:8      | Reached ** piety under Okawaru
  6033 | D:8      | Noticed Psyche
  6058 | D:8      | Killed Psyche
  6058 | D:8      | Reached skill level 9 in Long Blades
  6178 | D:8      | Found a sacrificial altar of Ru.
  6396 | D:8      | Noticed Erica
  6424 | D:8      | Killed Erica
  6424 | D:8      | Reached *** piety under Okawaru
  6424 | D:8      | Reached skill level 10 in Long Blades
  6424 | D:8      | Reached skill level 1 in Invocations
  6689 | D:9      | Reached **** piety under Okawaru
  6689 | D:9      | Received a gift from Okawaru
  6747 | D:9      | Noticed a death yak
  6747 | D:9      | Noticed an elephant
  6797 | D:8      | Reached XP level 10. HP: 76/84 MP: 9/9
  6853 | D:8      | Killed a death yak
  6853 | D:8      | Reached skill level 11 in Long Blades
  6896 | D:9      | Killed an elephant
  6924 | D:9      | Found a staircase to the Lair.
  6971 | D:9      | Found a runed translucent door.
  6971 | D:9      | Noticed Kohma's ghost (novice HaHu)
  7192 | D:9      | Reached skill level 10 in Shields
  7453 | D:10     | Entered Level 10 of the Dungeon
  7485 | D:10     | Reached ***** piety under Okawaru
  7551 | D:10     | Reached skill level 1 in Stealth
  7661 | D:10     | Found a staircase to the Orcish Mines.
  7719 | D:10     | Noticed a two-headed ogre
  7732 | D:10     | Killed a two-headed ogre
  7732 | D:10     | Reached skill level 12 in Long Blades
  7885 | D:10     | Noticed a two-headed ogre
  7897 | D:10     | Killed a two-headed ogre
  7897 | D:10     | Reached skill level 10 in Armour
  7897 | D:10     | Reached XP level 11. HP: 74/94 MP: 10/10
  8027 | D:10     | HP: 2/94 [something (8)]
  8036 | D:10     | HP: 3/94 [something (1)]
  8039 | D:10     | Slain by an unseen horror

Levels and vault maps discovered:
D:1:      evilmike_arrival_rings, layout_loops_ring, kennysheep_flooded_box
D:2:      layout_loops_ring, serial_forest, infiniplex_forest_straight_2,
          infiniplex_forest_clump_small, infiniplex_forest_clump_C,
          infiniplex_forest_lined_3, infiniplex_forest_clump_tiny,
          infiniplex_forest_corner_1, infiniplex_forest_lined_3,
          minmay_tromino_i4
D:3:      layout_rooms, old_standard_altar, serial_bayou, serial_bayou_lagoon_a,
          serial_bayou_shore_a, serial_bayou_crossing, serial_bayou_pond_a
D:4:      kennysheep_goblin_castle, layout_rooms, zin_purify, serial_glass,
          glass_columns_b, glass_columns_b, first_ration, uniq_menkaure
D:5:      wander_guarded_unrand_ratskin, layout_rooms
D:6:      layout_rooms, grunt_temple_overflow_champion_of_chaos,
          minmay_temple_entry_tees
D:7:      layout_basic, the_bakery, okawaru_metal_pillars_1_2
D:8:      layout_loops_cross, nicolae_ru_great_annihilating_truth, uniq_psyche,
          uniq_pikel, uniq_erica
D:9:      layout_gridville, david_lair_generic, hellmonk_ghost_happy_afterlife
D:10:     layout_roguey, orc_david_3, wad_dig_loot
Temple:   dpeg_five_rooms_temple

Skill      XL: |  1  2  3  4  5  6  7  8  9 10 |
---------------+-------------------------------+-----
Shields        | 4 5 6 8 9 10 | 10.8
Armour         | 4 5 6 7 9 10 | 10.1
Fighting       | 4 5 6 8 |  8.1
Long Blades    | 3 4 5 7 8 10 12 | 12.6
Dodging        | 1 |  1.5
Invocations    | 1 |  1.2
Stealth        | 1 |  1.1

Action                   |  1- 3 |  4- 6 |  7- 9 | 10-12 || total
-------------------------+-------+-------+-------+-------++-------
Melee: Long sword        |   129 |   105 |   449 |       ||   683
       Headbutt          |    31 |    21 |    92 |    36 ||   180
       Scimitar          |       |       |    49 |   240 ||   289
Invok: Heroism           |       |       |     3 |     1 ||     4
  Use: Potion            |       |     1 |     1 |     2 ||     4
       Scroll            |       |     9 |     6 |     2 ||    17
 Stab: Invisible         |       |       |     1 |       ||     1
  Eat: Chunk             |     2 |     5 |     9 |     6 ||    22
       Ration            |       |       |     1 |       ||     1
Armor: Chain mail        |    48 |    62 |       |       ||   110
       Plate armour      |       |     4 |   241 |   169 ||   414
Dodge: Dodged            |    26 |    19 |    77 |    60 ||   182
Block: Shield            |    47 |    44 |   266 |   149 ||   506
       Rpst.: Long sword |     6 |     8 |    20 |       ||    34
       Scimitar          |       |       |     3 |    12 ||    15

Table legend:
 A = Non-vault XP
 B = Vault XP
 C = Vault XP percentage of total XP
 D = Non-vault monster count
 E = Vault monster count
 F = Vault count percentage of total count
                 A         B        C        D         E       F
            +---------+---------+-------+---------+---------+-------
      Total |    7904 |    3746 |  32.2 |     166 |      54 |  24.5
            +---------+---------+-------+---------+---------+-------
        D:1 |      26 |       0 |   0.0 |      13 |       0 |   0.0
        D:2 |      29 |      29 |  50.0 |      11 |       4 |  26.7
        D:3 |      70 |       0 |   0.0 |      15 |       0 |   0.0
        D:4 |     515 |     230 |  30.9 |      15 |      12 |  44.4
        D:5 |     226 |     128 |  36.2 |      15 |      21 |  58.3
        D:6 |     203 |      44 |  17.8 |       4 |       1 |  20.0
        D:7 |     739 |     215 |  22.5 |      22 |       1 |   4.3
        D:8 |    1307 |    2474 |  65.4 |      25 |       8 |  24.2
        D:9 |    1007 |     565 |  35.9 |      18 |       2 |  10.0
       D:10 |    3782 |      61 |   1.6 |      28 |       5 |  15.2
            +---------+---------+-------+---------+---------+-------
